 Dungeon Crawl Stone Soup version 0.22-a0-196-gee22f27 (webtiles) character file.

88 NeonDemon the Grasshopper (level 4, 15/38 HPs)
             Began as a Gnoll Warper on Feb 17, 2018.
             Was an Initiate of Cheibriados.
             Quit the game on level 3 of the Dungeon.
             The game lasted 00:10:11 (706 turns).

NeonDemon the Grasshopper (Gnoll Warper)             Turns: 706, Time: 00:10:12

Health: 15/38      AC:  3    Str: 15    XL:     4   Next: 53%
Magic:  11/11      EV: 14    Int: 16    God:    Cheibriados [......]
Gold:   22         SH:  0    Dex: 16    Spells: 9/13 levels left

rFire    . . .     SeeInvis .     - Unarmed
rCold    . . .     Gourm    .   (no shield)
rNeg     . . .     Faith    .   a - +0 leather armour
rPois    .         Spirit   .   (no helmet)
rElec    .         Reflect  .   (no cloak)
rCorr    .         Harm     .   (no gloves)
MR       .....                  (no boots)
Stlth    ++........             (no amulet)
HPRegen  0.12/turn              (no ring)
MPRegen  0.12/turn              (no ring)

@: very slow
A: distributed training, fangs 1, strong nose
a: Bend Time, Renounce Religion


You were on level 3 of the Dungeon.
You worshipped Cheibriados.
Cheibriados was noncommittal.
You were not hungry.

You visited 2 branches of the dungeon, and saw 5 of its levels.

You collected 75 gold pieces.
You spent 53 gold pieces at shops.

Inventory:

Hand Weapons
 h - a +0 hunting sling
Missiles
 d - 5 tomahawks of dispersal (quivered)
Armour
 a - a +0 leather armour (worn)
 g - a +0 ring mail
Scrolls
 c - a scroll of blinking {!r}
 e - a scroll of fog
 i - a scroll of teleportation {unknown}
 j - a scroll of identify {unknown}
 k - a scroll of noise {unknown}
 l - a scroll of enchant weapon {unknown}
 o - a scroll of remove curse {unknown}
 p - a scroll of magic mapping {unknown}
Potions
 m - a potion of agility {unknown}
 n - a potion of ambrosia {unknown}
Books
 b - a book of Spatial Translocations
Comestibles
 f - 3 rations


   Skills:
 + Level 4.6 Fighting
 + Level 1.1 Short Blades
 + Level 1.1 Long Blades
 + Level 1.1 Axes
 + Level 1.1 Maces & Flails
 + Level 1.1 Polearms
 + Level 1.1 Staves
 + Level 1.1 Slings
 + Level 1.1 Bows
 + Level 1.1 Crossbows
 + Level 2.7 Throwing
 + Level 2.7 Armour
 + Level 4.6 Dodging
 + Level 1.1 Stealth
 + Level 1.1 Shields
 + Level 4.6 Unarmed Combat
 + Level 5.1 Spellcasting
 + Level 0.9 Conjurations
 + Level 0.9 Hexes
 + Level 0.9 Charms
 + Level 0.9 Summonings
 + Level 0.9 Necromancy
 + Level 5.4 Translocations
 + Level 0.9 Transmutations
 + Level 0.9 Fire Magic
 + Level 0.9 Ice Magic
 + Level 0.9 Air Magic
 + Level 0.9 Earth Magic
 + Level 0.9 Poison Magic
 + Level 1.2 Invocations
 + Level 1.1 Evocations


You had 9 spell levels left.
You knew the following spells:

 Your Spells              Type           Power        Failure   Level  Hunger
a - Blink                 Tloc           N/A          3%          2    #......
b - Shroud of Golubria    Chrm/Tloc      ##........   8%          2    #......


Dungeon Overview and Level Annotations

Branches:
Dungeon (4/15)             Temple (1/1) D:4

Altars:
Ashenzari
Cheibriados
Elyvilon
Fedhas
Gozag
Hepliaklqana
Makhleb
Nemelex Xobeh
Qazlal
Ru
Sif Muna
Vehumet
Wu Jian
Zin

Shops:
D:4 *

Annotations:
D:4 exclusion: worm


Innate Abilities, Weirdness & Mutations

Your experience applies equally to all skills.
You have very sharp teeth.
Your uncanny sense of smell can sniff out nearby items.


Message History

The orc is severely wounded.
The orc hits you.
You hit the orc but do no damage.
The orc is severely wounded.
The orc misses you.
You hit the orc but do no damage. You bite the orc.
The orc is almost dead.
The orc hits you.
You hit the orc.
You kill the orc!
Cheibriados appreciates the change of pace.
Things that are here:
a chain mail; a club
Okay, then.
There is a stone staircase leading up here.
You climb upwards.
The orc closely misses you. The orc warrior barely misses you.
The orc hits you with a trident.
There is a stone staircase leading down, spattered with blood here.
Unknown command.
Are you sure you want to abandon this character and quit the game? (Confirm with "yes".)

...... ## ## .....
..# .. (.... ...
.#g... #.# ....###.(
#..##...#....
#........#
###########..#..##.
........o@o.........
###########.....##..
#...............#
................#
#...........#......
#..........##.....#
#.................#
#...%......####o.##
#..........# ..#


You could see an orc warrior and an orc.

Vanquished Creatures
  A howler monkey
  A howler monkey skeleton
  An adder
  An adder skeleton
  A dart slug
  2 leopard geckos
  5 orcs
  A goblin
  A hobgoblin
  A quokka
  3 bats
  3 kobolds
  A rat
22 creatures vanquished.

Notes
Turn   | Place    | Note
-------+----------+-------------------------------------------
     0 | D:1      | NeonDemon the Gnoll Warper began the quest for the Orb.
     0 | D:1      | Reached XP level 1. HP: 20/20 MP: 6/6
   138 | D:2      | Reached XP level 2. HP: 21/26 MP: 7/7
   142 | D:2      | Learned a level 2 spell: Blink
   151 | D:2      | Learned a level 2 spell: Shroud of Golubria
   239 | D:2      | Found a stormy altar of Qazlal.
   239 | D:2      | Found a shattered altar of Ashenzari.
   262 | D:3      | Noticed an ogre
   318 | D:4      | Reached skill level 5 in Spellcasting
   318 | D:4      | Reached XP level 3. HP: 28/31 MP: 4/9
   328 | D:4      | Found Ypepedu's Assorted Antiques.
   337 | D:4      | Bought a scroll labeled TOPLIZOVOA for 19 gold pieces
   337 | D:4      | Bought an amethyst potion for 17 gold pieces
   337 | D:4      | Bought a viscous golden potion for 17 gold pieces
   395 | D:4      | Reached skill level 1 in Short Blades
   395 | D:4      | Reached skill level 1 in Long Blades
   395 | D:4      | Reached skill level 1 in Axes
   395 | D:4      | Reached skill level 1 in Maces & Flails
   395 | D:4      | Reached skill level 1 in Polearms
   395 | D:4      | Reached skill level 1 in Staves
   395 | D:4      | Reached skill level 1 in Slings
   395 | D:4      | Reached skill level 1 in Bows
   395 | D:4      | Reached skill level 1 in Crossbows
   395 | D:4      | Reached skill level 1 in Stealth
   395 | D:4      | Reached skill level 1 in Shields
   395 | D:4      | Reached skill level 1 in Invocations
   395 | D:4      | Reached skill level 1 in Evocations
   395 | D:4      | Reached XP level 4. HP: 36/38 MP: 9/11
   478 | D:4      | Found a staircase to the Ecumenical Temple.
   487 | Temple   | Entered the Ecumenical Temple
   538 | Temple   | Became a worshipper of Cheibriados the Contemplative
   610 | D:3      | Noticed an orc warrior
   706 | D:3      | Quit the game

Vault maps used:
D:1:      dpeg_arrival_more_subterranean_lakeside_camping, serial_forest,
          infiniplex_forest_lined_3, infiniplex_forest_end_3,
          infiniplex_forest_zigzag_2, infiniplex_forest_lined_room_2,
          infiniplex_forest_clump_cross, infiniplex_forest_lined_4_way
D:2:      lemuel_crystal_altar, overflow_temple_1_default,
          nicolae_overflow_hidden_temple, first_ration
D:3:      okawaru_gym_becter
D:4:      temple_fountains, serial_shops, nicolae_shop_overgrown_old_shop
Temple:   nicolae_temple_hex_pool

Skill      XL: |  1  2  3 |
---------------+----------+-----
Spellcasting   | 5 |  5.1
Short Blades   | 1 |  1.1
Long Blades    | 1 |  1.1
Axes           | 1 |  1.1
Maces & Flails | 1 |  1.1
Polearms       | 1 |  1.1
Staves         | 1 |  1.1
Slings         | 1 |  1.1
Bows           | 1 |  1.1
Crossbows      | 1 |  1.1
Stealth        | 1 |  1.1
Shields        | 1 |  1.1
Invocations    | 1 |  1.2
Evocations     | 1 |  1.1
Fighting       | |  4.6
Throwing       | |  2.7
Armour         | |  2.7
Dodging        | |  4.6
Unarmed Combat | |  4.6
Conjurations   | |  0.9
Hexes          | |  0.9
Charms         | |  0.9
Summonings     | |  0.9
Necromancy     | |  0.9
Translocations | |  5.4
Transmutations | |  0.9
Fire Magic     | |  0.9
Ice Magic      | |  0.9
Air Magic      | |  0.9
Earth Magic    | |  0.9
Poison Magic   | |  0.9

Action                   |  1- 3 |  4- 6 || total
-------------------------+-------+-------++-------
Melee: Unarmed           |    77 |    40 ||   117
       Bite              |     5 |     6 ||    11
       Punch             |     1 |       ||     1
 Cast: Shroud of Golubri |     5 |     1 ||     6
       Blink             |     2 |     1 ||     3
  Use: Scroll            |       |     1 ||     1
 Stab: Sleeping          |     1 |       ||     1
Armor: Leather armour    |    12 |     3 ||    15
Dodge: Dodged            |    52 |    36 ||    88

Table legend:
 A = Spawn XP
 B = Non-spawn XP
 C = Spawn XP percentage of total XP
 D = Spawn monster count
 E = Non-spawn monster count
 F = Spawn count percentage of total count
 G = Total turns spent on level
                    A         B        C        D         E        F      G
               +---------+---------+-------+---------+---------+-------+---------
         Total |       0 |     126 |   0.0 |       0 |      22 |   0.0 |   706
               +---------+---------+-------+---------+---------+-------+---------
           D:1 |       0 |       9 |   0.0 |       0 |       5 |   0.0 |   133
           D:2 |       0 |      17 |   0.0 |       0 |       7 |   0.0 |   118
           D:3 |       0 |       7 |   0.0 |       0 |       3 |   0.0 |    67
           D:4 |       0 |      93 |   0.0 |       0 |       7 |   0.0 |   325
               +---------+---------+-------+---------+---------+-------+---------
